 Dungeon Crawl Stone Soup version 0.26-a0-639-g72c4674329 (webtiles) character file.

Game seed: 7179468337867839239

5366 DogServant the Cleaver (level 10, -4/100 HPs)
             Began as a Minotaur Berserker on Sept 19, 2020.
             Was a High Priest of Trog.
             Slain by a 12-headed hydra (5 damage)
             ... on level 9 of the Dungeon.
             The game lasted 00:14:35 (8448 turns).

DogServant the Cleaver (Minotaur Berserker)         Turns: 8448, Time: 00:14:36

Health: -4/100     AC: 13    Str: 24    XL:     10   Next: 39%
Magic:  9/9        EV: 12    Int:  4    God:    Trog [*****.]
Gold:   88         SH:  0    Dex: 14    Spells: 9/9 levels left

rFire    . . .     SeeInvis .   m - +0 war axe
rCold    . . .     Faith    .   (no shield)
rNeg     . . .     Spirit   .   n - +4 leather armour of Lifelessness {+Fly MR+ Dex+3}
rPois    .         Reflect  .   D - +1 hat
rElec    .         Harm     .   (no cloak)
rCorr    .         Rampage  .   y - +0 pair of gloves
MR       ++...                  (no boots)
Stlth    +.........             (no amulet)
HPRegen  0.26/turn              E - ring of protection from magic
MPRegen  0.11/turn              C - +4 ring of protection

@: about to teleport, berserk cooldown, slowed, lightly drained, very slow
A: retaliatory headbutt, horns 2
a: Berserk, Trog's Hand, Brothers in Arms, Renounce Religion, Evoke Flight


You were on level 9 of the Dungeon.
You worshipped Trog.
Trog was extremely pleased with you.
You visited 1 branch of the dungeon, and saw 9 of its levels.

You collected 438 gold pieces.
You spent 350 gold pieces at shops.

Inventory:

Hand Weapons
 m - a +0 war axe (weapon)
 G - a +3 battleaxe
 H - a +0 fustibalus
Armour
 n - the +4 leather armour of Lifelessness (worn) {+Fly MR+ Dex+3}
   (You found it on level 4 of the Dungeon)

   It affects your dexterity (+3).
   It affects your resistance to hostile enchantments.
   It lets you fly.
 p - a +2 chain mail of poison resistance
 y - a +0 pair of gloves (worn)
 D - a +1 hat (worn)
Jewellery
 w - an uncursed ring of see invisible
 C - a +4 ring of protection (right hand)
 E - a ring of protection from magic (left hand)
 I - a +6 ring of intelligence {unknown}
Wands
 h - a wand of acid (4)
 i - a wand of random effects (34)
 u - a wand of disintegration (14)
 x - a wand of flame (24)
 B - a wand of polymorph (7)
Scrolls
 a - 2 scrolls of enchant armour
 b - 2 scrolls of amnesia
 e - 2 scrolls of identify
 k - 4 scrolls of enchant weapon
 o - 2 scrolls of teleportation
 r - 5 scrolls of remove curse
 v - 3 scrolls of magic mapping
 A - a scroll of brand weapon {unknown}
 F - a scroll of silence {unknown}
Potions
 c - a potion of might
 d - 4 potions of curing
 f - 2 potions of haste
 g - 3 potions of stabbing
 j - a potion of mutation {unknown}
 l - 2 potions of berserk rage
 q - 2 potions of degeneration
 s - a potion of resistance
 z - 2 potions of flight


   Skills:
 + Level 12.7(12.6) Fighting
 + Level 12.8(12.7) Axes
 - Level 2.9 Armour
 - Level 2.2(2.1) Dodging
   Level 4.3(4.2) Shields


You had 9 spell levels left.
You didn't know any spells.
Your spell library was empty.

Dungeon Overview and Level Annotations

Branches:
Dungeon (9/15)             Temple (0/1) D:5
   Lair: D:8-11         Orc: D:9-12

Altars:
Ashenzari
Gozag
Hepliaklqana
Makhleb
Ru
Trog
Uskayaw

Shops:
D:5 :   D:8 =

Annotations:
D:7 3 runed translucent doors, ildemir's ghost, novice HOBe
D:8 3 runed translucent doors, Ijustatesigmund's ghost, novice HaHu


Innate Abilities, Weirdness & Mutations

You reflexively headbutt those who attack you in melee.
You have a pair of horns on your head.


Message History

The 12-headed hydra barely misses you. The 12-headed hydra misses you.
The 12-headed hydra bites you but does no damage. x2
The 12-headed hydra bites you.
* * * LOW HITPOINT WARNING * * *
The 12-headed hydra misses you. The 12-headed hydra bites you.
* * * LOW HITPOINT WARNING * * *
The 12-headed hydra closely misses you.
You feel much better.
The 12-headed hydra completely misses you.
The 12-headed hydra bites you but does no damage. x3
The 12-headed hydra bites you!
* * * LOW HITPOINT WARNING * * *
The 12-headed hydra bites you.
* * * LOW HITPOINT WARNING * * *
The 12-headed hydra bites you.
* * * LOW HITPOINT WARNING * * *
The 12-headed hydra bites you!
* * * LOW HITPOINT WARNING * * *
The 12-headed hydra bites you.
You die...

#..# #.# #..# #.#
##..############.#
.................#
.................#
##..############.#
#..# #.# #..# #.#
#..# #@# #..# #D#
#..# #Y# ##..# #Y#
....############.#
.................#
................Y#
.###############.#
.# #.#


You could see a 12-headed hydra and 3 yaks.

Vanquished Creatures
  A two-headed ogre (D:8)
  Maggie (D:7)
  Sigmund (D:3)
  3 yaks (D:9)
  Menkaure (D:6)
  Edmund (D:6)
  A water moccasin (D:9)
  Duvessa (D:7)
  An orc warrior (D:7)
  2 ice beasts
  A black bear (D:6)
  A necrophage (D:5)
  2 sky beasts
  7 ogres
  2 phantoms
  3 centaurs
  2 big kobolds
  4 bullfrogs
  3 scorpions
  Dowan (D:7)
  4 wights (D:9)
  2 howler monkeys (D:9)
  A quasit (D:7)
  A centaur zombie (D:5)
  3 hounds
  2 jellies
  A centaur skeleton (D:5)
  An orc priest (D:7)
  4 orc wizards
  3 iguanas
  7 worker ants
  A hound zombie (D:8)
  A hound skeleton (D:4)
  A howler monkey zombie (D:8)
  14 adders
  A river rat (D:4)
  2 white imps
  5 ufetubi
  2 oozes
  3 adder skeletons
  3 worms
  A dart slug (D:1)
  6 leopard geckos
  13 orcs
  10 bats
  8 giant cockroaches
  5 goblins
  8 hobgoblins
  4 jackals (D:1)
  17 kobolds
  3 quokkas
  3 ball pythons
  A frilled lizard (D:3)
  A jackal skeleton (D:4)
  A leopard gecko skeleton (D:4)
  3 quokka skeletons
  A quokka zombie (D:9)
  8 rats
194 creatures vanquished.

Vanquished Creatures (others)
  2 plants (D:2)
2 creatures vanquished.

Grand Total: 196 creatures vanquished

Notes
Turn   | Place    | Note
-------+----------+-------------------------------------------
     0 | D:1      | DogServant the Minotaur Berserker began the quest for the
                  | Orb.
     0 | D:1      | Reached XP level 1. HP: 19/19 MP: 0/0
   482 | D:1      | Reached XP level 2. HP: 25/27 MP: 1/1
   909 | D:2      | Reached XP level 3. HP: 34/34 MP: 2/2
   927 | D:2      | Reached ** piety under Trog
  1036 | D:2      | Reached XP level 4. HP: 36/41 MP: 3/3
  1079 | D:2      | Found a burning altar of Makhleb.
  1138 | D:2      | Reached skill level 5 in Axes
  1289 | D:2      | Reached skill level 5 in Fighting
  1631 | D:2      | Reached XP level 5. HP: 48/48 MP: 4/4
  1793 | D:3      | Noticed Sigmund
  1801 | D:3      | Killed Sigmund
  1801 | D:3      | Reached XP level 6. HP: 58/58 MP: 5/5
  2422 | D:3      | Reached skill level 1 in Shields
  2949 | D:4      | Reached *** piety under Trog
  3083 | D:4      | Got a bloodstained leather armour
  3094 | D:4      | Identified the +4 leather armour of Lifelessness {+Fly MR+
                  | Dex+3} (You found it on level 4 of the Dungeon)
  3228 | D:4      | Reached XP level 7. HP: 49/66 MP: 6/6
  3584 | D:4      | Found a hide-covered altar of Uskayaw.
  3584 | D:4      | Found a bloodstained altar of Trog.
  4085 | D:5      | Entered Level 5 of the Dungeon
  4142 | D:5      | Found Nietwil's Book Shoppe.
  4194 | D:5      | Reached XP level 8. HP: 65/74 MP: 7/7
  4268 | D:5      | Found a staircase to the Ecumenical Temple.
  4391 | D:5      | Found an opulent altar of Gozag.
  4847 | D:6      | Found a shattered altar of Ashenzari.
  4885 | D:6      | Noticed Edmund
  4897 | D:6      | Killed Edmund
  4968 | D:6      | Reached **** piety under Trog
  5319 | D:6      | Noticed Menkaure
  5335 | D:6      | Killed Menkaure
  5335 | D:6      | Reached skill level 10 in Fighting
  5335 | D:6      | Reached skill level 10 in Axes
  5335 | D:6      | Reached XP level 9. HP: 19/85 MP: 8/8
  6008 | D:7      | Noticed Dowan
  6015 | D:7      | Killed Dowan
  6294 | D:7      | Noticed Duvessa
  6300 | D:7      | Killed Duvessa
  6455 | D:7      | Found a runed translucent gate.
  6455 | D:7      | Found a runed translucent gate.
  6455 | D:7      | Found a runed translucent gate.
  6457 | D:7      | Noticed ildemir's ghost (novice HOBe)
  6485 | D:7      | Noticed Maggie
  6491 | D:7      | Killed Maggie
  7385 | D:8      | Found a hazy altar of Hepliaklqana.
  7432 | D:8      | Noticed a two-headed ogre
  7436 | D:8      | Killed a two-headed ogre
  7436 | D:8      | Reached XP level 10. HP: 97/97 MP: 9/9
  7550 | D:8      | Found a runed translucent gate.
  7550 | D:8      | Found a runed translucent gate.
  7550 | D:8      | Found a runed translucent gate.
  7550 | D:8      | Noticed Ijustatesigmund's ghost (novice HaHu)
  7609 | D:8      | Found a sacrificial altar of Ru.
  7691 | D:8      | Found Vankok Eneic's Jewellery Boutique.
  7694 | D:8      | Bought an uncursed ring of protection from magic for 350
                  | gold pieces
  7704 | D:8      | Identified a scroll of acquirement
  7704 | D:8      | Acquired a +2 battleaxe of freezing
  8005 | D:9      | Reached ***** piety under Trog
  8432 | D:9      | Noticed a six-headed hydra
  8448 | D:9      | HP: 1/100 [12-headed hydra (12)]
  8448 | D:9      | Slain by a 12-headed hydra

Illustrated notes

Levels and vault maps discovered:
D:1:      wander_arrival_estate, layout_loops_cross
D:2:      layout_basic, serial_forest, infiniplex_forest_end_1,
          infiniplex_forest_clump_long, infiniplex_forest_clump_medium,
          infiniplex_forest_lined_3, infiniplex_forest_clump_small,
          infiniplex_forest_end_2, lemuel_tele_altar
D:3:      layout_loops_corners, uniq_sigmund
D:4:      layout_rooms, gammafunk_temple_overflow_statue,
          gup_sewer_entry_bubbles, st_stairs_11, hangedman_minor_gate_pass
D:5:      layout_loops_ring, nicolae_gozag_cash_rules_everything_around_me,
          minmay_temple_entry_tees, serial_shops, shop
D:6:      layout_rooms, ashenzari_conservatory_becter, uniq_menkaure,
          uniq_edmund
D:7:      layout_basic, gammafunk_ghost_necromancy, uniq_duvessa, uniq_maggie
D:8:      layout_basic, lemuel_doored_altar, hangedman_ru_absence,
          ebering_ghost_rock_garden, serial_shops, nicolae_shop_behind_doors
D:9:      layout_long_grid, gammafunk_ghost_grave

Skill      XL: |  1  2  3  4  5  6  7  8  9 |
---------------+----------------------------+-----
Axes           | 4 5 6 7 8 10 12 | 12.8
Fighting       | 4 5 6 7 10 12 | 12.7
Shields        | 2 4 |  4.3
Armour         | |  2.9
Dodging        | |  2.2

Action                   |  1- 3 |  4- 6 |  7- 9 | 10-12 || total
-------------------------+-------+-------+-------+-------++-------
Melee: Hand axe          |    67 |    24 |       |       ||    91
       Headbutt          |     6 |    16 |    55 |    23 ||   100
       War axe           |       |    72 |   230 |    73 ||   375
Invok: Berserk           |       |     3 |     5 |     2 ||    10
  Use: Scroll            |     3 |     7 |       |    10 ||    20
       Potion            |       |       |       |     1 ||     1
 Stab: Sleeping          |       |       |     1 |       ||     1
Armor: Animal skin       |     5 |       |       |       ||     5
       Leather armour    |    15 |    30 |    60 |    37 ||   142
       Scale mail        |       |     6 |       |       ||     6
Dodge: Dodged            |    52 |    53 |   129 |    54 ||   288
Block: Buckler           |       |       |    36 |       ||    36

Table legend: (Time is in decaauts)
 A = Elapsed time spent in this place.
 B = Non-inter-level travel time spent in this place.
 C = Inter-level travel time spent in this place.
 D = Time resting spent in this place.
 E = Time spent auto-exploring this place.
 F = Levels seen in this place.
 G = Mean time per level.
                   A        B        C        D        E       F      G
               +--------+--------+--------+--------+--------+-----+--------+
         Total |   8564 |   8285 |    279 |   1077 |   5934 |   9 |  951.6 |
       Dungeon |   8564 |   8285 |    279 |   1077 |   5934 |   9 |  951.6 |
               +--------+--------+--------+--------+--------+-----+--------+

Top non-repeatable levels by time:
     D:6: 1275 daAuts
     D:3: 1208 daAuts
     D:4: 1193 daAuts
     D:7: 1077 daAuts
     D:2: 978 daAuts
     D:8: 904 daAuts
     D:1: 775 daAuts
     D:5: 665 daAuts
     D:9: 485 daAuts
